 Dungeon Crawl Stone Soup version 0.27-a0-103-g6cd7b45605 (webtiles) character file.

Game seed: 17746121644210988281

676 timneilson the Covered (level 7, -17/44 HPs)
             Began as a Gargoyle Fighter on Jan 23, 2021.
             Was an Initiate of Okawaru.
             Demolished by an ogre
             ... wielding a +0 giant spiked club
              (26 damage)
             ... on level 5 of the Dungeon.
             The game lasted 00:08:37 (4187 turns).

timneilson the Covered (Gargoyle Fighter)           Turns: 4187, Time: 00:08:38

Health: -17/44     AC: 17    Str: 22    XL:     7   Next: 59%
Magic:  7/7        EV:  6    Int:  8    God:    Okawaru [......]
Gold:   214        SH: 10    Dex:  9    Spells: 6/6 levels left

rFire    . . .     SeeInvis .   a - +1 long sword
rCold    + . .     Faith    .   c - +0 kite shield
rNeg     + . .     Spirit   .   e - +0 chain mail
rPois    ∞         Reflect  .   l - +0 helmet
rElec    +         Harm     .   (no cloak)
rCorr    .         Rampage  .   k - +0 pair of gloves
Will     .....                  (no boots)
Stlth    ..........             (no amulet)
HPRegen  0.14/turn              o - ring of protection from cold
MPRegen  0.10/turn              (no ring)

@: about to teleport
A: negative energy resistance 1, electricity resistance, unbreathing,
petrification resistance, miasma immunity, AC +4
a: Renounce Religion


You were on level 5 of the Dungeon.
You worshipped Okawaru.
Okawaru was noncommittal.
You visited 2 branches of the dungeon, and saw 6 of its levels.
You also visited: Ossuary.

You collected 214 gold pieces.

Inventory:

Hand Weapons
 a - a +1 long sword (weapon)
Armour
 c - a +0 kite shield (worn)
 e - a +0 chain mail (worn)
 k - a +0 pair of gloves (worn)
 l - a +0 helmet (worn)
Jewellery
 o - a ring of protection from cold (left hand)
Wands
 i - a wand of flame (23)
Scrolls
 b - a scroll of enchant armour {unknown}
 m - 2 scrolls of enchant weapon
 n - a scroll of fear
Potions
 f - 3 potions of magic
 j - 4 potions of curing
 p - a potion of lignification
 q - a potion of mutation {unknown}
 r - 3 potions of brilliance
 s - a potion of might
 v - a potion of berserk rage {unknown}


   Skills:
 + Level 4.7 Fighting
 * Level 4.0 Long Blades
 * Level 5.5 Armour
 * Level 5.5 Shields
 + Level 0.5 Invocations
 + Level 1.4 Evocations


You had 6 spell levels left.
You didn't know any spells.
Your spell library was empty.

Dungeon Overview and Level Annotations

Branches:
Dungeon (5/15)             Temple (1/1) D:5         Ossuary (visited)

Altars:
Ashenzari
Cheibriados
Fedhas
Kikubaaqudgha
Okawaru
Qazlal
Ru
Sif Muna
Trog
Wu Jian
Xom
The Shining One


Innate Abilities, Weirdness & Mutations

You are resistant to torment.
Your stone body is resilient. (AC +4)
You are immune to poison.
You resist negative energy. (rN+)
You are resistant to electric shocks. (rElec)
You can survive without breathing.
You are immune to petrification.
You are immune to miasma.


Message History

You hit the ogre but do no damage.
The ogre is heavily wounded.
The ogre hits you with a +0 giant spiked club.
You are too injured to fight recklessly!
You are too injured to fight recklessly!
You are too injured to fight recklessly!
You are too injured to fight recklessly!
You are too injured to fight recklessly!
You are too injured to fight recklessly!
You are too injured to fight recklessly!
You are too injured to fight recklessly!
You feel much better.
The ogre hits you with a +0 giant spiked club!!
Ouch! That really hurt!
* * * LOW HITPOINT WARNING * * *
As you read the scroll of teleportation, it crumbles to dust.
You feel strangely unstable.
The ogre hits you with a +0 giant spiked club!!
Ouch! That really hurt!
You die...

######## ###. ####
#######......#######...###+#...
##............#...##.....#......
..............'...++.)..........
.........[....#...##............
#...(........#...#.............
..................#...#.#..†....
..................#...#..<......
..............O@................
................................
.................#.........#....
.................##........#....
..................#.............
........#.....#.............
......#.###.#.............
....... .#......##.....
######......##.....


You could see an ogre.

Vanquished Creatures
  An ice beast (D:2)
  A scorpion (D:4)
  A jelly (D:5)
  Jessica (D:3)
  Terence (D:3)
  Natasha (D:3)
  3 worker ants
  A big kobold zombie (Ossuary)
  A hound skeleton (D:5)
  3 mummies (Ossuary)
  10 adders
  2 howler monkey skeletons (D:4)
  A shadow imp (D:5)
  A white imp (D:5)
  4 oozes
  An adder zombie (Ossuary)
  2 worms (D:2)
  4 dart slugs
  8 leopard geckos
  An orc (D:4)
  8 bats
  16 giant cockroaches
  A gnoll zombie (Ossuary)
  9 goblins
  9 hobgoblins
  12 jackals
  3 quokkas
  2 ball pythons (D:5)
  7 frilled lizards
  5 goblin zombies (Ossuary)
  2 hobgoblin zombies (Ossuary)
  7 kobolds
  4 kobold zombies (Ossuary)
  2 quokka zombies (Ossuary)
  8 rats
  2 rat zombies (Ossuary)
145 creatures vanquished.

Vanquished Creatures (others)
  A plant (D:3)
1 creature vanquished.

Grand Total: 146 creatures vanquished

Notes
Turn   | Place    | Note
-------+----------+-------------------------------------------
     0 | D:1      | timneilson the Gargoyle Fighter began the quest for the
                  | Orb.
     0 | D:1      | Reached XP level 1. HP: 14/14 MP: 1/1
   240 | D:1      | Reached XP level 2. HP: 17/19 MP: 2/2
   532 | D:1      | Reached XP level 3. HP: 23/23 MP: 3/3
  1070 | D:2      | Found a bloodstained altar of Trog.
  1218 | D:2      | Reached XP level 4. HP: 29/29 MP: 4/4
  1312 | D:2      | Noticed an ice beast
  1357 | D:2      | Killed an ice beast
  1358 | D:2      | Reached XP level 5. HP: 33/33 MP: 5/5
  1955 | D:3      | Reached XP level 6. HP: 38/38 MP: 6/6
  2022 | D:3      | Noticed Natasha
  2022 | D:3      | Noticed Terence
  2029 | D:3      | Killed Natasha
  2034 | D:3      | Killed Terence
  2420 | D:3      | Noticed Jessica
  2431 | D:3      | Killed Jessica
  2432 | D:3      | Reached skill level 5 in Armour
  2432 | D:3      | Reached skill level 5 in Shields
  2576 | D:3      | Found a blossoming altar of Fedhas.
  2872 | D:4      | Reached skill level 1 in Evocations
  2872 | D:4      | Reached XP level 7. HP: 39/44 MP: 7/7
  3090 | D:4      | Found a broken altar of Ashenzari.
  3207 | D:5      | Entered Level 5 of the Dungeon
  3219 | D:5      | Found a staircase to the Ecumenical Temple.
  3228 | Temple   | Entered the Ecumenical Temple
  3285 | Temple   | Became a worshipper of Warmaster Okawaru
  3378 | D:5      | Found an ornate altar of the Wu Jian Council.
  3418 | D:5      | Found a sand-covered staircase.
  3426 | Ossuary  | Entered an ossuary
  4187 | D:5      | Demolished by an ogre

Illustrated notes

Levels and vault maps discovered:
D:1:      lightli_iron_boxes, layout_loops_corners
D:2:      minmay_roachtagon, layout_loops_ring, overflow_temple_1_default,
          minmay_statues_item
D:3:      layout_loops_ring, fedhas_altar_1, uniq_jessica, uniq_terence,
          uniq_natasha
D:4:      layout_rooms, nicolae_overflow_hidden_temple
D:5:      minmay_spotlight, layout_basic, pdpol_wu_jian_five_deadly_venoms,
          minmay_temple_entry_mini_moons, enter_ossuary_2
Temple:   hc_temple_tempest_star

Skill      XL: |  1  2  3  4  5  6  7 |
---------------+----------------------+-----
Long Blades    | 2 3 4 |  4.0
Shields        | 4 5 |  5.5
Armour         | 4 5 |  5.5
Fighting       | 4 |  4.7
Evocations     | 1 |  1.4
Invocations    | |  0.5

Action                   |  1- 3 |  4- 6 |  7- 9 || total
-------------------------+-------+-------+-------++-------
Melee: Long sword        |   111 |   241 |   142 ||   494
  Use: Scroll            |     6 |     4 |     7 ||    17
       Potion            |       |     3 |     2 ||     5
Armor: Scale mail        |    62 |   134 |       ||   196
       Chain mail        |       |    23 |    88 ||   111
Dodge: Dodged            |    38 |    94 |    32 ||   164
Block: Kite shield       |    67 |   151 |    69 ||   287
       Rpst.: Long sword |    16 |    27 |     9 ||    52

Table legend: (Time is in decaauts)
 A = Elapsed time spent in this place.
 B = Non-inter-level travel time spent in this place.
 C = Inter-level travel time spent in this place.
 D = Time resting spent in this place.
 E = Time spent auto-exploring this place.
 F = Levels seen in this place.
 G = Mean time per level.
                   A        B        C        D        E       F      G
               +--------+--------+--------+--------+--------+-----+--------+
         Total |   4341 |   4263 |     78 |    208 |   2754 |   7 |  620.1 |
       Dungeon |   3783 |   3713 |     70 |      0 |   2576 |   5 |  756.6 |
        Temple |     66 |     58 |      8 |      0 |     51 |   1 |   66.0 |
       Ossuary |    491 |    491 |      0 |    208 |    127 |   1 |  491.0 |
               +--------+--------+--------+--------+--------+-----+--------+

Top non-repeatable levels by time:
     D:1: 1027 daAuts
     D:3: 894 daAuts
     D:2: 854 daAuts
     D:4: 551 daAuts
 Ossuary: 491 daAuts
     D:5: 456 daAuts
  Temple: 66 daAuts
